 Dungeon Crawl Stone Soup version 0.26.0-8-g74fc34ddfb (webtiles) character file.

Game seed: 3692812633612208671

1456 denis1488 the Fighter (level 8, -5/62 HPs)
             Began as an Octopode Transmuter on Jan 12, 2021.
             Was a Follower of Cheibriados.
             Killed from afar by Dowan (17 damage)
             ... with a shard of ice
             ... on level 5 of the Dungeon.
             The game lasted 00:09:57 (7376 turns).

denis1488 the Fighter (Octopode Transmuter)         Turns: 7376, Time: 00:09:57

Health: -5/62      AC:  2    Str: 12    XL:     8   Next: 76%
Magic:  19/23      EV: 20    Int: 19    God:    Cheibriados [*.....]
Gold:   349        SH:  0    Dex: 19    Spells: 7/15 levels left

rFire    . . .     SeeInvis .     - Unarmed
rCold    . . .     Faith    .   (shield currently unavailable)
rNeg     . . .     Spirit   .   (helmet currently unavailable)
rPois    x         Reflect  .   p - amulet of magic regeneration
rElec    .         Harm     .   a - ring of flight
rCorr    .         Rampage  .   c - ring of magical power
Will     .....                  (no ring)
Stlth    ++........             (no ring)
HPRegen  0.20/turn              (no ring)
MPRegen  0.43/turn              (no ring)
                                (no ring)
                                (no ring)

@: spider-form (expiring), very slightly contaminated, very slow
A: tiny, almost no armour, stealthy swim, (amphibious), 8 rings, (constrict 8)
a: End Transformation, Renounce Religion, Evoke Flight, Bend Time


You were on level 5 of the Dungeon.
You worshipped Cheibriados.
Cheibriados was aware of your devotion.
You were a venomous arachnid creature.
You visited 2 branches of the dungeon, and saw 7 of its levels.

You collected 349 gold pieces.

Inventory:

Hand Weapons
 j - a +1 short sword of protection (melded)
Armour
 q - a +0 buckler
 r - a +2 hat (melded)
 x - a cursed +0 tower shield
Jewellery
 a - a ring of flight (left front leg)
 c - a ring of magical power (right front leg)
 p - an amulet of magic regeneration (around neck)
 y - an uncursed amulet of reflection {unknown}
Wands
 n - a wand of polymorph (8)
 w - a wand of iceblast (13)
Scrolls
 h - 2 scrolls of immolation
 k - a scroll of amnesia
 l - 4 scrolls of identify
 m - a scroll of teleportation {unknown}
 o - a scroll of remove curse
 s - a scroll of blinking {unknown}
 u - a scroll of enchant armour {unknown}
Potions
 b - 2 potions of mutation {unknown}
 d - 3 potions of resistance {unknown}
 e - a potion of ambrosia {unknown}
 f - 3 potions of attraction {unknown}
 g - a potion of cancellation {unknown}
 i - 2 potions of curing {unknown}
 t - 2 potions of berserk rage {unknown}
 v - a potion of flight {unknown}


   Skills:
 * Level 8.4 Fighting
 - Level 2.0 Dodging
 + Level 3.4 Unarmed Combat
 + Level 4.3 Spellcasting
 + Level 4.6 Transmutations
 + Level 0.6 Ice Magic


You had 7 spell levels left.
You knew the following spells:

 Your Spells              Type           Power        Failure   Level
a - Beastly Appendage     Tmut           42%          8%          1
b - Spider Form           Tmut/Pois      6%           34%         3
c - Ice Form              Ice/Tmut       14%          63%         4

Your spell library contained the following spells:

 Spells                   Type           Power        Failure   Level
 Wereblood                Tmut           21%          11%         2
 Blade Hands              Tmut           10%          71%         5


Dungeon Overview and Level Annotations

Branches:
Dungeon (6/15)             Temple (1/1) D:5

Altars:
Ashenzari
Cheibriados
Dithmenos
Elyvilon
Fedhas
Gozag
Hepliaklqana
Kikubaaqudgha
Makhleb
Nemelex Xobeh
Okawaru
Qazlal
Sif Muna
Trog
Uskayaw
Vehumet
Wu Jian
Xom
Yredelemnul
Zin
The Shining One

Annotations:
D:5 Dowan


Innate Abilities, Weirdness & Mutations

You cannot wear most types of armour.
You are very stealthy in the water. (Stealth+)
((You are amphibious.))
You can wear up to eight rings at the same time.
((You can use your tentacles to constrict eight enemies at once.))
((Your skin changes colour to match your surroundings (Stealth+).))
((Your rubbery body absorbs attacks. (AC +1, EV +1)))


Message History

* * * LOW HITPOINT WARNING * * *
You hit Dowan.
Dowan is poisoned.
Dowan is moderately wounded.
Dowan misses you.
You hit Dowan.
Dowan looks as sick as possible!
Dowan is heavily wounded.
Dowan closely misses you. x2
You hit Dowan.
Dowan looks as sick as possible!
Dowan is severely wounded.
Dowan hits you with a +0 dagger.
* * * LOW HITPOINT WARNING * * *
You hit Dowan but do no damage.
Dowan is severely wounded.
Your transformation is almost over.
Dowan shakes with grief.
Dowan barely misses you.
Dowan shakes with grief.
Dowan gestures at you while chanting. The shard of ice hits you!
You die...

##################
.................#
.......###.#####.#
....<......# #.#
#########..# #.# #..#
#.# #..### #.#
###########..# #e#
≈≈≈≈≈≈≈≈≈≈##.# #s#
≈≈≈≈≈≈≈≈≈≈##.# #.#
≈≈≈≈≈≈≈≈≈≈##.# #.##
≈≈#####≈≈≈#..# #..#
≈≈#...#≈≈≈#### ##.#
≈≈#.>.#≈≈≈# #.#
≈≈#...#≈≈≈#######.####
≈≈##.##≈≈≈#.....[....#
≈≈≈#.#≈≈≈≈###.##..##.#


You could see Dowan (fast, extremely poisoned).

Vanquished Creatures
  Grinder (D:5)
  Sigmund (D:5)
  Duvessa (D:6)
  An ogre (D:5)
  A centaur (D:6)
  Blork the orc (D:5)
  2 scorpions
  A howler monkey (D:6)
  A bullfrog zombie (D:6)
  2 orc priests (D:4)
  2 bullfrog skeletons
  2 orc wizards (D:4)
  Crazy Yiuf (D:5)
  An iguana (D:5)
  Ijyb (D:3)
  2 worker ants
  Natasha (thrice) (D:3)
  Robin (D:2)
  A howler monkey skeleton (D:5)
  3 adders
  3 gnolls (D:4)
  2 shadow imps (D:5)
  An ooze (D:4)
  An adder skeleton (D:6)
  2 worms
  2 dart slugs (D:1)
  6 leopard geckos
  10 orcs
  5 bats
  6 giant cockroaches
  20 goblins
  10 hobgoblins
  19 jackals
  10 kobolds
  2 quokkas
  2 ball pythons
  2 frilled lizards
  A giant cockroach zombie (D:6)
  6 rats
139 creatures vanquished.

Notes
Turn   | Place    | Note
-------+----------+-------------------------------------------
     0 | D:1      | denis1488 the Octopode Transmuter began the quest for the
                  | Orb.
     0 | D:1      | Reached XP level 1. HP: 13/13 MP: 3/3
   308 | D:1      | Reached skill level 2 in Fighting
   308 | D:1      | Reached XP level 2. HP: 19/19 MP: 5/5
   838 | D:2      | Reached XP level 3. HP: 25/25 MP: 6/6
   840 | D:2      | Noticed an ice beast
  1023 | D:2      | Reached skill level 3 in Fighting
  1035 | D:2      | Learned a level 3 spell: Spider Form
  1326 | D:2      | Reached XP level 4. HP: 16/33 MP: 7/7
  1604 | D:2      | Noticed Robin
  1732 | D:3      | Reached skill level 4 in Fighting
  1751 | D:3      | Found a faded altar of an unknown god.
  1760 | D:3      | Noticed Natasha
  1767 | D:3      | Killed Natasha
  2063 | D:3      | Found a shadowy altar of Dithmenos.
  2089 | D:3      | Noticed Natasha
  2096 | D:3      | Killed Natasha
  2097 | D:3      | Reached XP level 5. HP: 32/38 MP: 8/8
  2272 | D:3      | Noticed Natasha
  2282 | D:3      | Killed Natasha
  2283 | D:3      | Reached skill level 5 in Fighting
  2365 | D:3      | Found a glowing silver altar of Zin.
  2414 | D:3      | Noticed Ijyb
  2429 | D:3      | Killed Ijyb
  3255 | D:2      | Killed Robin
  3256 | D:2      | Reached XP level 6. HP: 34/46 MP: 9/9
  4555 | D:4      | Reached skill level 6 in Fighting
  5004 | D:4      | Learned a level 4 spell: Ice Form
  5097 | D:5      | Entered Level 5 of the Dungeon
  5134 | D:5      | Reached XP level 7. HP: 19/53 MP: 11/11
  5351 | D:5      | Noticed Grinder
  5363 | D:5      | Killed Grinder
  5364 | D:5      | Reached skill level 7 in Fighting
  5485 | D:5      | Noticed Blork the orc
  5502 | D:5      | Killed Blork the orc
  5923 | D:5      | You fall into a shaft and drop 1 floor!
  6016 | D:5      | Found a runed translucent door.
  6019 | D:5      | Noticed Crazy Yiuf
  6030 | D:5      | Killed Crazy Yiuf
  6031 | D:5      | Reached XP level 8. HP: 60/60 MP: 13/13
  6130 | D:5      | Found an ancient bone altar of Kikubaaqudgha.
  6133 | D:5      | Found a shadowy altar of Dithmenos.
  6136 | D:5      | Found a white marble altar of Elyvilon.
  6139 | D:5      | Found a shimmering altar of Xom.
  6272 | D:5      | Noticed Sigmund
  6291 | D:5      | Killed Sigmund
  6395 | D:5      | Found a staircase to the Ecumenical Temple.
  6536 | Temple   | Entered the Ecumenical Temple
  6634 | Temple   | Became a worshipper of Cheibriados the Contemplative
  6805 | D:4      | Reached skill level 8 in Fighting
  6963 | D:6      | Reached * piety under Cheibriados
  7136 | D:6      | Noticed Duvessa
  7143 | D:6      | Noticed Dowan
  7357 | D:6      | Killed Duvessa
  7376 | D:5      | Killed from afar by Dowan

Illustrated notes

Levels and vault maps discovered:
D:1:      minmay_arrival_five_plusses, layout_loops_ring
D:2:      layout_rooms, uniq_robin
D:3:      layout_loops_cross, nicolae_overflow_crystal_walls,
          chequers_ecumenical_altar_island, grunt_dithmenos_smoke, uniq_ijyb,
          uniq_natasha
D:4:      layout_basic
D:5:      layout_loops_ring, grunt_temple_overflow_cloverleaf,
          minmay_temple_entry_poolview, uniq_crazy_yiuf_cottage, uniq_grinder,
          uniq_blork_the_orc, uniq_sigmund
D:6:      layout_rooms, uniq_duvessa
Temple:   minmay_temple_bridge_d

Skill      XL: |  1  2  3  4  5  6  7  8 |
---------------+-------------------------+-----
Fighting       | 2 3 4 5 6 7 8 |  8.4
Spellcasting   | 3 4 |  4.3
Transmutations | 3 4 |  4.6
Dodging        | |  2.0
Unarmed Combat | |  3.4
Ice Magic      | |  0.6

Action                   |  1- 3 |  4- 6 |  7- 9 || total
-------------------------+-------+-------+-------++-------
Melee: Unarmed           |    72 |    57 |    22 ||   151
       Constrict         |    25 |    47 |    28 ||   100
       Tentacles         |    10 |    22 |    23 ||    55
       Short sword       |       |   141 |   113 ||   254
       Punch             |       |     5 |     3 ||     8
 Cast: Spider Form       |       |     1 |     5 ||     6
  Use: Scroll            |     2 |     4 |     1 ||     7
 Stab: Sleeping          |    10 |     2 |     2 ||    14
       Distracted        |       |     1 |     1 ||     2
Armor: Skin              |     7 |    51 |    30 ||    88
Dodge: Dodged            |    56 |    92 |    91 ||   239
